AoeStats
← CHIUSON

Arabia

507817430Analyzed
1v1 RM · 12d ago on Sep 19, 2026· 42m 33s· 2 players
Game mode
Random Map
Map size
Tiny (2 player)
Population
200
Speed
Normal
Resources
Standard
Victory
Conquest
Starting age
Dark Age
Ending age
Imperial Age
RankedLock teamsTeams togetherTeam positionsShared explorationLock speedFull tech treeHidden civsTurbo modeCheats
Victory
Defeat
🇭🇰 Ethiopians · Hong Kong SAR China
884
+14
🇦🇷 Vietnamese · Argentina
836
-14
Sanchisimo
2:37 Loom
11:50 Feudal Age
17:20 Castle Age
15:59 Double-Bit Axe
16:12 Gold Mining
17:31 Fletching
19:57 Bow Saw
22:31 Wheelbarrow
22:15 Stone Mining
26:53 Padded Archer Armor
35:43 Bodkin Arrow
39:55 Imperial Age
39:41 Town Watch
40:43 Horse Collar
41:31 Hand Cart
42:20 Bracer
CHIUSON
5:22 Loom
10:38 Feudal Age
11:13 Double-Bit Axe
12:31 Wheelbarrow
14:15 Fletching
23:36 Castle Age
22:07 Horse Collar
23:41 Padded Archer Armor
24:26 Gold Mining
26:39 Crossbowman
33:25 Imperial Age
35:08 Hand Cart
39:04 Forging
39:01 Scale Barding Armor
39:17 Bow Saw
39:39 Heavy Plow
41:37 Two-Man Saw
42:25 Conscription
42:27 Husbandry
Connection lost

Rejoining the realm…

Still unreachable

The connection could not be restored.

Session expired

The server has moved on; the page needs a fresh start.